AoeStats
← DK

Arabia

510561231Analyzed
1v1 RM · 7h ago on Oct 1, 2026· 36m 8s· 2 players
Game mode
Random Map
Map size
Tiny (2 player)
Population
200
Speed
Normal
Resources
Standard
Victory
Conquest
Starting age
Dark Age
Ending age
Imperial Age
RankedLock teamsTeams togetherTeam positionsShared explorationLock speedFull tech treeHidden civsTurbo modeCheats
Victory
Defeat
🇲🇰 Mongols · North Macedonia
1521
+17
🇨🇦 Khitans · Canada
1547
-17
Ducky4302
6:17 Loom
8:24 Feudal Age
11:56 Double-Bit Axe
13:12 Fletching
17:01 Wheelbarrow
20:31 Castle Age
19:41 Gold Mining
20:49 Horse Collar
21:16 Bodkin Arrow
21:32 Bow Saw
21:38 Heavy Plow
25:41 Hand Cart
25:14 Town Watch
26:31 Thumb Ring
27:06 Bloodlines
26:57 Husbandry
27:04 Padded Archer Armor
27:16 Bloodlines
30:47 Ballistics
36:01 Imperial Age
35:36 Masonry
DK
6:32 Loom
9:22 Feudal Age
10:34 Double-Bit Axe
13:36 Domestication
17:52 Fletching
18:16 Padded Archer Armor
23:09 Castle Age
21:24 Forging
21:20 Scale Barding Armor
24:30 Chain Barding Armor
24:13 Husbandry
24:58 Town Watch
26:15 Iron Casting
Connection lost

Rejoining the realm…

Still unreachable

The connection could not be restored.

Session expired

The server has moved on; the page needs a fresh start.